Unix NetHack Version 3.7.0-84 Work-in-progress - last build May 8 2023 12:40:53 (a521f9c9ba282fe1dbcfd9214424a180692735d4,branch:master). Game began 2023-05-12 01:01:21, ended 2023-05-12 02:35:34. Zega, neutral male gnomish Healer -------- ------------->.|...| |..%..............0| |.-----------0.|..-| |)...`|--...|00|...| |).@..|-...-..0|...| |)@fe.|%.....0--...| |..<.`|.-.|..-..|.-| |..)..|..%|.....|..| |.....|.-.|..-.....| |.....|..0|........| -------------------- Zega the Embalmer St:13 Dx:9 Co:15 In:11 Wi:16 Ch:18 Neutral S:8717 Dlvl:4 $:2611 HP:0(59) Pw:7(54) AC:-7 Xp:8/1886 T:10235 Latest messages: The housecat drops a runed spear. You see here a staff. The housecat picks up a runed spear. You hear a slurping sound. The housecat drops a runed spear. The Green-elf shoots 2 runed arrows! The 1st runed arrow misses you. The 2nd runed arrow misses you. What do you want to zap? [afjqvxCFLSX or ?*] q Nothing happens. You see here a staff. The Green-elf thrusts his runed short sword. The Green-elf hits! You see here a runed spear. The housecat bites the Green-elf. The Green-elf thrusts his runed short sword at the housecat. The Green-elf hits the housecat. Something is engraved here on the floor. You read: "Elbereth". The housecat misses the Green-elf. The housecat bites the Green-elf. The Green-elf thrusts his runed short sword at the housecat. The Green-elf hits the housecat. You see here 3 runed arrows. The housecat bites the floating eye. The housecat is frozen by the floating eye's gaze! The Green-elf thrusts his runed short sword. The Green-elf misses! You see here a runed spear. You see here 3 runed arrows. You see here a runed spear. You see here 3 runed arrows. You see here a runed spear. You see here 3 runed arrows. You hit the floating eye! You are frozen by the floating eye's gaze! The Green-elf thrusts his runed short sword. The Green-elf hits! The Green-elf thrusts his runed short sword. The Green-elf hits! The Green-elf thrusts his runed short sword. The Green-elf hits! The Green-elf thrusts his runed short sword. The Green-elf hits! The Green-elf thrusts his runed short sword. The Green-elf hits! The Green-elf thrusts his runed short sword. The Green-elf hits! You die... Do you want your possessions identified? [ynq] (y) q Inventory: Coins $ - 2611 gold pieces Amulets N - a cursed amulet of strangulation Weapons Z - 6 poisoned +0 orcish arrows K - 8 +1 darts I - 4 +0 darts w - the +2 Sting (weapon in hand) Armor J - an uncursed +0 dwarvish iron helm (being worn) B - an uncursed +0 elven leather helm b - an uncursed +1 pair of leather gloves (being worn) p - an uncursed +0 pair of elven boots P - an uncursed +0 pair of iron shoes (being worn) Q - an uncursed +1 small shield H - an uncursed +0 small shield O - an uncursed +0 dwarvish cloak (being worn) y - an uncursed +0 mummy wrapping R - a blessed greased +2 gray dragon scale mail (being worn) Comestibles n - 4 uncursed kebabs U - 5 uncursed food rations V - an uncursed lembas wafer A - an uncursed sprig of wolfsbane t - 3 uncursed tripe rations M - an uncursed egg Scrolls G - an uncursed scroll of enchant weapon D - an uncursed scroll of teleportation Spellbooks Y - an uncursed spellbook of identify Rings E - an uncursed ring of cold resistance T - an uncursed ring of regeneration Wands L - a wand of create monster (0:14) X - a wand of digging (0:1) x - a wand of light (0:14) C - a wand of light (0:13) q - a wand of magic missile (0:0) v - a wand of polymorph (0:3) j - a wand of secret door detection (0:12) f - a wand of sleep (0:0) S - a cursed wand of sleep (0:8) a - a wand of striking (0:1) F - a blessed wand of teleportation (0:4) Tools r - an uncursed magic whistle l - a blessed oil lamp s - an uncursed stethoscope W - an uncursed stethoscope m - an uncursed tin opener z - a +0 unicorn horn Zega the Healer's attributes: Background: You were an Embalmer, a level 8 male gnomish Healer. You were neutral, on a mission for Hermes who was opposed by Athena (lawful) and Poseidon (chaotic). You were in Sokoban, on level 4. You entered the dungeon 10235 turns ago. It was nighttime. You had 1886 experience points, 674 more were needed to attain level 9. Your score was 8717 before end-of-game adjustments. Basics: You had 0 out of 59 hit points. You had 7 out of 54 energy points (spell power). Your armor class was -7. Your wallet contained 2611 zorkmids. Autopickup was on for '$"=/!?' plus thrown. Final Characteristics: Your strength was 13 (limit:18/50). Your dexterity was 9 (limit:18). Your constitution was 15 (limit:18). Your intelligence was 11 (limit:19). Your wisdom was 16 (limit:18). Your charisma was 18 (limit:18). Final Status: You were not hungry. You were unencumbered. You were wielding a dagger. You were skilled in dagger. Final Attributes: You were piously aligned. You were magic-protected. You were poison resistant. You were telepathic. You were aware of the presence of orcs. You had infravision. You were warded. You were very unlucky. You are dead. Miscellaneous: You disabled loading of bones levels. Total elapsed playing time was 1 hour, 34 minutes and 13 seconds. Major events: Turn 1: Zega the neutral male gnomish Healer entered the dungeon 1005: entered the Gnomish Mines 2648: attained the rank of Empiric (level 3) 2668: chose a runed dagger to be named "Sting" 3148: made his first wish - "blessed greased fixed +2 gray dragon scale mail", got "a greased gray dragon scale mail" 5227: entered Sokoban 5438: attained the rank of Embalmer (level 6) 7183: completed 2nd Sokoban level 8077: completed 3rd Sokoban level 10235: killed by a Green-elf, while frozen by a floating eye's gaze Vanquished creatures: a giant mimic 2 large mimics 2 winter wolves 2 trolls a wood golem a tengu an elf mummy a chameleon 2 giant beetles 3 leprechauns 2 iron piercers a vampire bat a gnome ruler 3 ogres 2 Green-elves 2 lizards 2 dingoes a housecat a gray unicorn a black unicorn a quasit a mountain nymph 9 Uruk-hai a rock piercer a rock mole a yellow light a shrieker a violet fungus a gnome leader a gray ooze 2 ghouls 2 giant ants 2 floating eyes 6 dwarves 2 homunculi a kobold leader 12 hill orcs 2 rothes 2 centipedes a giant bat 4 orc zombies 4 dwarf zombies 2 werejackals 5 iguanas an acid blob 2 coyotes a gas spore 5 hobbits 3 large kobolds 5 hobgoblins a giant rat 5 cave spiders 2 yellow molds 2 green molds a red mold 3 gnomes 10 geckos 11 jackals 3 foxes 4 kobolds 3 goblins 2 sewer rats 6 grid bugs 9 lichens 6 newts 182 creatures vanquished. No species were genocided or became extinct. Voluntary challenges: You read items or engraved 24 times. You engraved Elbereth 12 times. You never genocided any monsters. You never polymorphed an object. You used 1 wish. You did not wish for any artifacts. You violated the special Sokoban rules 13 times. Achievements: You entered a shop. You entered the Gnomish Mines. You attained the rank of Empiric. You entered Sokoban. You attained the rank of Embalmer. The Dungeons of Doom: levels 1 to 8 Level 1: A fountain. Level 2: A general store, an altar to Hermes. Level 3: Stairs down to The Gnomish Mines. Level 4: Level 5: Level 6: Many fountains. Oracle of Delphi. Level 7: A fountain, a grave. Stairs up to Sokoban, level 6. Level 8: A fountain. The Gnomish Mines: levels 4 to 7 Level 4: Level 5: Level 6: Level 7: Sokoban: levels 6 up to 3 Level 3: Unsolved. Level 4: <- You were here. Solved. Final resting place for you, killed by a Green-elf, while frozen by a floating eye's gaze. Level 5: Solved. Level 6: Unsolved. Game over: ---------- / \ / REST \ / IN \ / PEACE \ / \ | Zega | | 2611 Au | | killed by a | | Green-elf | | | | | | 2023 | *| * * * | * _________)/\\_//(\/(/\)/\//\/|_)_______ Goodbye Zega the Healer... You died in Sokoban on dungeon level 4 with 8640 points, and 2611 pieces of gold, after 10235 moves. You were level 8 with a maximum of 59 hit points when you died.